 Dungeon Crawl Stone Soup version 0.17-a0-1830-g81820eb (webtiles) character file.

57 kae the Slasher (level 3, -4/24 HPs)
             Began as a High Elf Skald on Sept 13, 2015.
             Killed from afar by a centaur (21 damage)
             ... with a rod of lightning
             ... on level 3 of the Dungeon.
             The game lasted 00:04:50 (3008 turns).

kae the Slasher (High Elf Skald)                    Turns: 3008, Time: 00:04:50

Health: -4/24      AC:  9    Str: 11    XL:     3   Next: 73%
Magic:  0/7        EV:  5    Int: 16    God:
Gold:   60         SH:  0    Dex: 15    Spells: 1 memorised, 5 levels left

rFire  . . .     SeeInvis +     a - +0 falchion
rCold  . . .     Clarity  .     m - +0 chain mail
rNeg   . . .     SustAt   .     (no shield)
rPois  .         Gourm    .     (no helmet)
rElec  .         Spirit   +     (no cloak)
rCorr  .         Warding  .     (no gloves)
rMut   .         Stasis   .     i - +0 pair of boots
MR     .....                    r - amulet of guardian spirit
Stlth  ..........               k - ring of see invisible
                                f - ring of wizardry

@: not resistant to hostile enchantments, extremely unstealthy
A: no striking features
a: no special abilities


You were on level 3 of the Dungeon.
You were hungry.

You visited 1 branch of the dungeon, and saw 3 of its levels.

You collected 60 gold pieces.

Inventory:

Hand weapons
 a - a +0 falchion (weapon)
Armour
 b - a +0 leather armour
 i - a +0 pair of boots (worn)
 m - a +0 chain mail (worn)
Jewellery
 f - a ring of wizardry (left hand)
 h - an uncursed ring of protection from fire
 k - a ring of see invisible (right hand)
 r - an amulet of guardian spirit (around neck)
 s - an uncursed ring of stealth
Scrolls
 l - a scroll of remove curse
Potions
 e - a potion of curing
 g - a potion of resistance {unknown}
 o - a potion of poison {unknown}
Books
 c - a book of Battle

   Spells                             Type                      Level
   a - Infusion                       Charms                       1
   b - Shroud of Golubria             Charms/Translocation         2
   c - Song of Slaying                Charms                       2
   d - Spectral Weapon                Hexes/Charms                 3
   e - Regeneration                   Charms/Necromancy            3
Comestibles
 d - 3 bread rations
 n - a meat ration
 q - a royal jelly


   Skills:
 - Level 2.0 Fighting
 + Level 5.0 Long Blades
 - Level 0.8 Armour
 - Level 1.1 Dodging
 - Level 2.4 Spellcasting
 - Level 3.6 Charms


You had 5 spell levels left.
You knew the following spells:

 Your Spells              Type           Power        Failure   Level  Hunger
a - Infusion              Chrm           ##....       93%         1    #......


Dungeon Overview and Level Annotations

Branches:
Dungeon (3/15)

Altars:
Fedhas
Vehumet


Message History

There is a stone staircase leading down here.
Unknown command.
You start resting.
Magic restored.
You start resting.
You are feeling hungry.
You start resting.
HP restored.
You see here a stone.
There is a stone staircase leading down here.
You climb downwards.
There is a stone staircase leading up here.
You slash the goblin!
You kill the goblin!
The centaur shouts!
The centaur zaps a rod.
The lightning hits you!
You see here a club.
The centaur zaps a rod.
The lightning hits you!
Ouch! That really hurt!
You die...

.........((.....#...
..#.......##........
..........##......##
.........(>c..###.#
.............####.#
.........(.......##
.######!..........#
#..........).#.#
#.##########@#.#####
.. #.......# #
#.......# #.......#
#.......# #..<....#
#.......# #..(....#
#.....(.#


You could see a centaur.

Vanquished Creatures
  2 adders (D:2)
  3 giant cockroaches (D:1)
  4 goblins
  5 hobgoblins
  A quokka (D:2)
  2 ball pythons
  6 bats
  4 giant newts
  9 kobolds
  5 rats
41 creatures vanquished.

Notes
Turn   | Place    | Note
--------------------------------------------------------------
     0 | D:1      | kae the High Elf Skald began the quest for the Orb.
     0 | D:1      | Reached XP level 1. HP: 14/14 MP: 4/4
   865 | D:1      | Reached XP level 2. HP: 9/19 MP: 4/6
  1520 | D:2      | Found a radiant altar of Vehumet.
  1584 | D:2      | Reached skill level 4 in Long Blades
  1591 | D:2      | Reached XP level 3. HP: 5/24 MP: 0/7
  2317 | D:2      | Found a blossoming altar of Fedhas.
  2624 | D:3      | Reached skill level 5 in Long Blades
  2756 | D:3      | Noticed a centaur
  3008 | D:3      | Killed from afar by a centaur

Vault maps used:
D:1:      minmay_arrival_glassed_features
D:2:      lemuel_crystal_altar, fedhas_altar_2
D:3:      minmay_strange_pillars, saegor_snake_ambush

Action                   || total
-------------------------++-------
Melee: Falchion          ||   141
 Cast: Infusion          ||     9
  Use: Scroll            ||     6
       Potion            ||     2
 Stab: Sleeping          ||     1
  Eat: Chunk             ||     5
       Fruit             ||     1
